 Dungeon Crawl Stone Soup version 0.28-a0-683-ga8797d1ae1 (webtiles) character file.

Game seed: 16307648669408621947

1735 flyleaff the Skirmisher (level 9, 0/78 HPs)
             Began as a Ghoul Fighter on Oct 19, 2021.
             Was an Elder of Makhleb.
             Killed from afar by a smoke demon (10 damage)
             ... with a ball of steam
             ... summoned by a kobold demonologist
             ... on level 6 of the Dungeon.
             The game lasted 00:16:22 (5511 turns).

flyleaff the Skirmisher (Ghoul Fighter)             Turns: 5511, Time: 00:16:23

Health: 0/78       AC: 12    Str: 23    XL:     9   Next: 5%
Magic:  8/8        EV:  8    Int:  3    God:    Makhleb [****..]
Gold:   261        SH:  9    Dex:  8    Spells: 8/8 levels left

rFire   . . .      SeeInvis .   o - +2 short sword (vamp)
rCold   + . .      Faith    .   c - +0 buckler
rNeg    + + +      Spirit   .   s - +0 chain mail
rPois   ∞          Reflect  +   (no helmet)
rElec   .          Harm     .   t - scarf {repulsion}
rCorr   .          Rampage  .   (no gloves)
Will    .....                   i - +1 pair of boots
Stlth   ..........              n - amulet of reflection
HPRegen 0.00/turn               m - ring of wizardry
MPRegen 0.11/turn               p - ring of wizardry

@: mighty, on fire, inhibited regen, glowing, repel missiles
A: claws 1, cold resistance 1, negative energy resistance 3, inhibited
regeneration, torment resistance 2
a: Renounce Religion, Minor Destruction, Lesser Servant of Makhleb, Major
Destruction


You were on level 6 of the Dungeon.
You worshipped Makhleb.
Makhleb was greatly pleased with you.
You visited 1 branch of the dungeon, and saw 6 of its levels.

You collected 261 gold pieces.

Inventory:

Hand Weapons
 a - a +2 long sword
 o - a +2 vampiric short sword (weapon)
Missiles
 d - 5 silver javelins (quivered)
 u - 4 atropa-tipped darts
Armour
 b - a +0 scale mail
 c - a +0 buckler (worn)
 e - a +1 cloak
 i - a +1 pair of boots (worn)
 s - a +0 chain mail (worn)
 t - a scarf of repulsion (worn)
Jewellery
 h - an amulet of regeneration
 k - a ring of fire
 m - a ring of wizardry (left claw)
 n - an amulet of reflection (around neck)
 p - a ring of wizardry (right claw)
Wands
 q - a wand of flame (17)
Scrolls
 f - 4 scrolls of teleportation
 w - a scroll of identify
Potions
 g - a potion of flight
 l - a potion of magic


   Skills:
 + Level 6.7 Fighting
 * Level 6.2 Long Blades
 + Level 5.4 Armour
 + Level 5.4 Shields


You had 8 spell levels left.
You didn't know any spells.
Your spell library contained the following spells:

 Spells                   Type           Power      Damage    Failure   Level
 Summon Small Mammal      Summ           0%         N/A       69%         1
 Call Canine Familiar     Summ           0%         N/A       95%         3
 Conjure Flame            Conj/Fire      0%         6-21      95%         3
 Ignite Poison            Fire/Tmut/Pois 0%         N/A       95%         3
 Summon Guardian Golem    Hex/Summ       0%         N/A       95%         3
 Sticky Flame             Conj/Fire      0%         2d3       100%        4


Dungeon Overview and Level Annotations

Branches:
Dungeon (6/15)             Temple (0/1) D:6

Altars:
Elyvilon
Hepliaklqana
Makhleb
Yredelemnul
Zin

Shops:
D:4 :   D:5 =

Annotations:
D:6 1 transporter


Innate Abilities, Weirdness & Mutations

You thrive by killing the living.
You are immune to poison.
You have sharp fingernails.
Your flesh is cold resistant. (rC+)
You are immune to negative energy. (rN+++)
You do not regenerate when monsters are visible.
You are immune to unholy pain and torment.


Message History

You hit the kobold demonologist.
The kobold demonologist is lightly wounded.
You are engulfed in a cloud of scalding steam.
The shadow imp barely misses you.
The crimson imp hits you but does no damage.
You block the kobold demonologist's attack.
You block the white imp's attack.
Unknown command.
You barely miss the kobold demonologist.
The kobold demonologist is lightly wounded.
You are engulfed in a cloud of scalding steam.
* * * LOW HITPOINT WARNING * * *
You block the smoke demon's attack.
The smoke demon hits you but does no damage. x2
The shadow imp hits you.
* * * LOW HITPOINT WARNING * * *
The crimson imp hits you but does no damage.
The kobold demonologist hits you but does no damage.
Unknown command.
Unknown command.
Okay, then.
Your chain mail prevents you from hitting the kobold demonologist.
The kobold demonologist is lightly wounded.
You are engulfed in a cloud of scalding steam.
The white imp completely misses you. The smoke demon gestures at you.
The sticky flame hits you but does no damage.
You are covered in liquid flames!
You block the shadow imp's attack. The crimson imp completely misses you.
The kobold demonologist hits you but does no damage.
You puncture the kobold demonologist!
You feel better.
The kobold demonologist is heavily wounded.
You are engulfed in a cloud of scalding steam.
* * * LOW HITPOINT WARNING * * *
You are covered in liquid flames!
* * * LOW HITPOINT WARNING * * *
You block the white imp's attack. The smoke demon gestures at you.
The ball of steam hits you!
You die...

.###..#....#..##
.###.##....#...#####
..#..........©.....#
.........#########.#
###.##...#8P.©.P8#.#
##...#.#.#P.....P#.#
....##...####'####.#
....###..#.≈...5K#.#
#...###..#.≈..53@#.#
##.##....#)≈≈≈≈55#.#
.......#.#)≈≈⌠≈≈5#.#
#........#.≈≈≈≈≈o#.#
##..###..#.≈...≈5#.#
###......#.≈...≈.#.#
.........####+####.#
...##.!..#≈.[.[.≈#.#
##.##....#8P$©$P8#.#


You could see a kobold demonologist, a smoke demon (summoned), an orc priest, a
quasit (summoned), a crimson imp (summoned), a white imp (summoned) and 3 shadow
imps.

Vanquished Creatures
  A kobold demonologist (D:6)
  2 black bears
  3 ogres
  A centaur (D:6)
  2 phantoms
  2 scorpions
  A water moccasin skeleton (D:4)
  A howler monkey (D:5)
  A bullfrog zombie (D:6)
  A centaur zombie (D:6)
  3 hounds
  A jelly (D:6)
  2 bullfrog skeletons
  2 orc priests (D:6)
  A centaur skeleton (D:6)
  3 iguanas
  A howler monkey skeleton (D:5)
  7 adders
  3 gnolls (D:3)
  2 shadow imps
  A white imp (D:5)
  An adder skeleton (D:4)
  3 dart slugs
  7 orcs
  5 ball pythons
  10 bats
  8 endoplasms
  2 giant cockroaches (D:2)
  4 goblins
  6 hobgoblins
  5 kobolds
  4 quokkas
  8 frilled lizards
  5 rats
109 creatures vanquished.

Vanquished Creatures (collateral kills)
  An orc (D:6)
1 creature vanquished.

Grand Total: 110 creatures vanquished

Notes
Turn   | Place    | Note
-------+----------+-------------------------------------------
     0 | D:1      | flyleaff the Ghoul Fighter began the quest for the Orb.
     0 | D:1      | Reached XP level 1. HP: 19/19 MP: 0/0
    32 | D:1      | Found a faded altar of an unknown god.
    34 | D:1      | Prayed at the altar of an unknown god.
    34 | D:1      | Became a worshipper of Makhleb the Destroyer
    34 | D:1      | Reached * piety under Makhleb
   133 | D:1      | Reached XP level 2. HP: 26/26 MP: 1/1
   318 | D:1      | Reached ** piety under Makhleb
   319 | D:1      | Reached XP level 3. HP: 33/33 MP: 2/2
   988 | D:2      | Reached XP level 4. HP: 40/40 MP: 3/3
  2373 | D:4      | Reached XP level 5. HP: 39/47 MP: 4/4
  2382 | D:4      | Found a hazy altar of Hepliaklqana.
  2478 | D:4      | Noticed a phantom
  2491 | D:4      | Killed a phantom
  2499 | D:4      | Reached *** piety under Makhleb
  2562 | D:4      | Reached XP level 6. HP: 53/53 MP: 5/5
  3090 | D:4      | Found Sim Som's Book Emporium.
  3332 | D:5      | Entered Level 5 of the Dungeon
  3381 | D:5      | Reached skill level 5 in Fighting
  3423 | D:5      | Reached XP level 7. HP: 61/61 MP: 6/6
  3737 | D:5      | Found Kenlafe's Jewellery Shoppe.
  3759 | D:5      | Found a basalt altar of Yredelemnul.
  4423 | D:5      | Reached XP level 8. HP: 58/70 MP: 7/7
  4823 | D:6      | Reached skill level 5 in Long Blades
  4908 | D:6      | Reached skill level 5 in Armour
  4975 | D:6      | Reached skill level 5 in Shields
  5025 | D:6      | Reached **** piety under Makhleb
  5107 | D:6      | Found a transporter.
  5112 | D:6      | Noticed a kobold demonologist
  5116 | D:6      | Noticed a kobold demonologist
  5152 | D:6      | Found a transporter.
  5226 | D:6      | Found a staircase to the Ecumenical Temple.
  5480 | D:6      | Noticed an orange demon
  5487 | D:6      | Noticed an ice devil
  5487 | D:6      | Killed a kobold demonologist
  5488 | D:6      | Reached XP level 9. HP: 31/78 MP: 8/8
  5500 | D:6      | Noticed a smoke demon
  5511 | D:6      | Killed from afar by a smoke demon

Illustrated notes

Levels and vault maps discovered:
D:1:      lightli_arrival_isolated_outpost, layout_loops_ring,
          chequers_ecumenical_altar_twisty
D:2:      layout_basic, basic_altar, minmay_misc_feat_nine_boxes
D:3:      layout_rooms, serial_co_window_serial, co_window_paths_a,
          co_window_corner_a, co_window_corner_a, co_window_of_opportunity_a,
          co_window_paths_a, co_window_broadway_c, co_window_paths_c,
          co_window_cross_4, co_window_cross_2, co_window_unsneaky_path_e,
          co_window_4corner_b, glass_columns_b, glass_columns_a,
          glass_columns_a, glass_columns_a
D:4:      layout_loops_corners, lemuel_round_altar,
          mainiacjoe_overflow_24_doors, serial_shops, shop_fountains,
          minivault_24, st_stairs_11
D:5:      layout_basic, nicolae_overflow_crystal_walls, serial_shops, shop,
          kennysheep_generic_room_4
D:6:      gammafunk_wand_slinger, layout_cave_pools,
          minmay_temple_entry_statues_fountains

Skill      XL: |  1  2  3  4  5  6  7  8 |
---------------+-------------------------+-----
Long Blades    | 2 3 4 6 |  6.2
Armour         | 3 4 5 |  5.4
Shields        | 3 4 5 |  5.4
Fighting       | 4 5 6 |  6.7

Action                   |  1- 3 |  4- 6 |  7- 9 || total
-------------------------+-------+-------+-------++-------
Melee: Long sword        |   113 |   166 |   161 ||   440
       Short sword       |       |       |     5 ||     5
Throw: Javelin           |       |       |     1 ||     1
  Use: Scroll            |       |     9 |     7 ||    16
       Potion            |       |       |     7 ||     7
Armor: Scale mail        |    60 |    36 |       ||    96
       Chain mail        |       |    47 |    82 ||   129
Dodge: Dodged            |    56 |    60 |    76 ||   192
Block: Buckler           |    21 |    53 |   105 ||   179
       Reflection        |       |     1 |     8 ||     9

Table legend: (Time is in decaauts)
 A = Elapsed time spent in this place.
 B = Non-inter-level travel time spent in this place.
 C = Inter-level travel time spent in this place.
 D = Time resting spent in this place.
 E = Time spent auto-exploring this place.
 F = Levels seen in this place.
 G = Mean time per level.
                   A        B        C        D        E       F      G
               +--------+--------+--------+--------+--------+-----+--------+
         Total |   5627 |   5396 |    231 |    395 |   3860 |   6 |  937.8 |
       Dungeon |   5627 |   5396 |    231 |    395 |   3860 |   6 |  937.8 |
               +--------+--------+--------+--------+--------+-----+--------+

Top non-repeatable levels by time:
     D:5: 1369 daAuts
     D:4: 1008 daAuts
     D:6: 848 daAuts
     D:3: 843 daAuts
     D:2: 809 daAuts
     D:1: 749 daAuts
